 Dungeon Crawl Stone Soup version 0.21-a0-215-g0631661 (webtiles) character file.

158 Alarkh the Purveyor of Pain (level 5, 26/35 HPs)
             Began as a Demonspawn Necromancer on Aug 22, 2017.
             Was an Initiate of Kikubaaqudgha.
             Got out of the dungeon alive.
             The game lasted 00:04:30 (3812 turns).

Alarkh the Purveyor of Pain (DsNe)                  Turns: 3812, Time: 00:04:31

Health: 26/35      AC:  6    Str:  8    XL:     5   Next: 16%
Magic:  17/19      EV: 12    Int: 18    God:    Kikubaaqudgha [......]
Gold:   134        SH:  0    Dex: 13    Spells: 10/11 levels left

rFire    . . .     SeeInvis .   a - +1 hand axe (vamp)
rCold    + . .     Gourm    .   (no shield)
rNeg     . . .     Faith    .   n - +0 robe
rPois    .         Spirit   .   m - +2 helmet
rElec    .         Reflect  .   (no cloak)
rCorr    .         Harm     .   (no gloves)
MR       .....                  u - +0 pair of boots
Stlth    ++........             (no amulet)
HPRegen  0.11/turn              k - ring of magical power
MPRegen  0.16/turn              (no ring)

@: no status effects
A: claws 1, cold resistance 1
a: Renounce Religion


You escaped.
You worshipped Kikubaaqudgha.
Kikubaaqudgha was noncommittal.
You were not hungry.

You visited 1 branch of the dungeon, and saw 2 of its levels.

You collected 134 gold pieces.

Inventory:

Hand Weapons
 a - a +1 vampiric hand axe (weapon)
 f - a +6 spear of flaming
 r - a +0 short sword
Armour
 m - a +2 helmet (worn)
 n - a +0 robe (worn)
 t - a +0 helmet
 u - a +0 pair of boots (worn)
Jewellery
 k - a ring of magical power (left claw)
Scrolls
 d - a scroll of fear {unknown}
 e - a scroll of identify
 h - a scroll of magic mapping {unknown}
 j - a scroll of immolation
 l - a scroll of teleportation {unknown}
 q - a scroll of remove curse {unknown}
 y - a scroll of recharging {unknown}
Potions
 g - a potion of heal wounds
 i - a potion of brilliance {unknown}
 s - a potion of degeneration {unknown}
 w - a potion of magic {unknown}
 x - a potion of cancellation {unknown}
 z - a potion of mutation {unknown}
Books
 b - a book of Necromancy

   Spells                             Type                      Level
   a - Pain                           Necromancy                   1
   b - Animate Skeleton               Necromancy                   1
   c - Vampiric Draining              Necromancy                   3
   d - Regeneration                   Charms/Necromancy            3
   e - Animate Dead                   Necromancy                   4
   f - Control Undead                 Necromancy                   4
Comestibles
 c - 2 bread rations
 o - a royal jelly
 p - 11 fruits


   Skills:
 - Level 1.7 Dodging
 - Level 1.7 Stealth
 + Level 3.7 Spellcasting
 + Level 5.9 Necromancy


You had 10 spell levels left.
You knew the following spells:

 Your Spells              Type           Power        Failure   Level  Hunger
a - Pain                  Necr           ###.         1%          1    None


Dungeon Overview and Level Annotations

Branches:
Dungeon (2/15)

Altars:
Kikubaaqudgha

Annotations:
D:2 Natasha


Innate Abilities, Weirdness & Mutations

You have sharp fingernails.
Your flesh is cold resistant. (rC+)


Message History

Aiming: Pain
Press: ? - help, Shift-Dir - straight line, f - kobold
Aim: a kobold, wielding a short sword (chance to defeat MR: 93%)
The kobold writhes in agony!
You kill the kobold!
Kikubaaqudgha accepts your kill.
Casting: Pain
Confirm with . or Enter, or press ? or * to list all spells.
You can't see any susceptible monsters within range! (Use Z to cast anyway.) Some of the chunks of flesh in your inventory have rotted away.
There is an escape hatch in the ceiling here.
A mysterious force pulls you upwards. The hatch slams shut behind you.
You see here 26 stones.
Eating a chunk of flesh.
You eat the chunk of flesh.
This raw flesh tastes terrible.
There is an open door here.
There is a staircase leading out of the dungeon here.
There is a staircase leading out of the dungeon here.
Are you sure you want to leave the Dungeon?
This will make you lose the game!
You have escaped!

#............#.####.#....######
#.#...#......#.# #.#....######
###.#...###.####.####.#......(...
....#...# #...§............#...##
....#...# #.##'###'##............
....#...###.#§.§≈≈.§#............
......>.....#§≈.≈.§≈#........#.##
....##.####.#≈§..§≈≈#.##.........
###..........§§§@.≈...##...#.#..#
####.##.#.#§≈.§.§≈#.##...#..#.#
#.##.#.#≈≈.§.§§#.##(..#..#.#
######.##.#.#≈.≈≈≈.§#.##...#..#.#
#....#.##.#.##+###§##............
#....#.....................#..#..
#....#.##.#..##...###.###..#..#..
.......P.........................
....P♣♣P.........................


There were no monsters in sight!

Vanquished Creatures
  Natasha (twice) (D:2)
  Robin (D:2)
  2 adders (D:2)
  An ooze (D:1)
  5 dart slugs
  A leopard gecko (D:2)
  12 bats
  A giant cockroach (D:2)
  7 goblins
  13 hobgoblins
  3 jackals (D:2)
  6 frilled lizards
  6 kobolds
  5 rats
  A bush (D:1)
66 creatures vanquished.

Notes
Turn   | Place    | Note
-------+----------+-------------------------------------------
     0 | D:1      | Alarkh the Demonspawn Necromancer began the quest for the Orb.
     0 | D:1      | Reached XP level 1. HP: 13/13 MP: 3/3
   163 | D:1      | Gained mutation: You have sharp fingernails. [demonic ancestry]
   163 | D:1      | Reached XP level 2. HP: 10/19 MP: 0/5
  1732 | D:1      | Reached XP level 3. HP: 22/24 MP: 7/7
  1835 | D:1      | Reached skill level 5 in Necromancy
  2503 | D:2      | Noticed Robin
  2526 | D:2      | Killed Robin
  2900 | D:2      | Found an ancient bone altar of Kikubaaqudgha.
  2967 | D:2      | Reached XP level 4. HP: 28/30 MP: 8/8
  2989 | D:2      | Became a worshipper of Kikubaaqudgha
  3440 | D:2      | Noticed Natasha
  3448 | D:2      | Killed Natasha
  3705 | D:2      | Noticed Natasha
  3711 | D:2      | Killed Natasha
  3711 | D:2      | Gained mutation: Your flesh is cold resistant. (rC+) [demonic ancestry]
  3711 | D:2      | Reached XP level 5. HP: 19/35 MP: 10/10
  3716 | D:2      | Noticed Natasha
  3812 | D:$      | Got out of the dungeon alive.

Vault maps used:
D:1:      ncdulo_lavacross, serial_forest, infiniplex_forest_lined_3,
          infiniplex_forest_clump_diagonal, infiniplex_forest_straight_5,
          infiniplex_forest_diagonal, infiniplex_forest_corner_1,
          infiniplex_forest_straight_4, infiniplex_forest_clump_medium
D:2:      lemuel_doored_altar, uniq_natasha, uniq_robin

Skill      XL: |  1  2  3 |
---------------+----------+-----
Necromancy     | 5 |  5.9
Spellcasting   | 3 |  3.7
Dodging        | |  1.7
Stealth        | |  1.7

Action                   |  1- 3 |  4- 6 || total
-------------------------+-------+-------++-------
Melee: Unarmed           |     4 |       ||     4
       Short sword       |   267 |       ||   267
       Hand axe          |     1 |     1 ||     2
 Cast: Pain              |    81 |    43 ||   124
  Use: Scroll            |     2 |       ||     2
 Stab: Sleeping          |     1 |       ||     1
  Eat: Chunk             |     6 |     3 ||     9
       Meat ration       |     1 |       ||     1
       Fruit             |     1 |       ||     1
Armor: Robe              |     4 |     6 ||    10
Dodge: Dodged            |    18 |    11 ||    29

Table legend:
 A = Spawn XP
 B = Non-spawn XP
 C = Spawn XP percentage of total XP
 D = Spawn monster count
 E = Non-spawn monster count
 F = Spawn count percentage of total count
 G = Total turns spent on level
                    A         B        C        D         E        F      G
               +---------+---------+-------+---------+---------+-------+---------
         Total |      41 |     185 |  18.1 |      20 |      45 |  30.8 |  3812
               +---------+---------+-------+---------+---------+-------+---------
           D:1 |      19 |      31 |  38.0 |      13 |      14 |  48.1 |  2453
           D:2 |      22 |     154 |  12.5 |       7 |      31 |  18.4 |  1359
               +---------+---------+-------+---------+---------+-------+---------
